 Dungeon Crawl Stone Soup version 0.24-a0-581-gc0fa660 (webtiles) character file.

Game seed: 11429154129130492542

8862 CountDeLaPain the Slicer (level 11, -2/75 HPs)
             Began as a Halfling Berserker on Aug 24, 2019.
             Was an Elder of Trog.
             Slain by a raiju (7 damage)
             ... on level 2 of the Abyss on Aug 25, 2019.
             The game lasted 01:01:30 (17291 turns).

CountDeLaPain the Slicer (Halfling Berserker)      Turns: 17291, Time: 01:01:31

Health: -2/75      AC:  8    Str: 18    XL:     11   Next: 63%
Magic:  12/12      EV: 17    Int:  8    God:    Trog [****..]
Gold:   637        SH:  5    Dex: 15    Spells: 10/10 levels left

rFire    . . .     SeeInvis .   C - +0 rapier
rCold    . . .     Gourm    .   Q - +0 buckler
rNeg     . . .     Faith    .   p - +0 ring mail
rPois    .         Spirit   .   (no helmet)
rElec    .         Reflect  .   (no cloak)
rCorr    .         Harm     .   q - +0 pair of gloves
MR       ++...                  (no boots)
Stlth    ++++......             (no amulet)
HPRegen  1.22/turn              h - ring of stealth
MPRegen  0.13/turn              x - ring of stealth

@: about to teleport, regenerating, studying Armour
A: small, mutation resistance 1
a: Berserk, Trog's Hand, Brothers in Arms, Renounce Religion


You were on level 2 of the Abyss.
You worshipped Trog.
Trog was greatly pleased with you.
You were not hungry.

You visited 1 branch of the dungeon, and saw 9 of its levels.
You visited the Abyss 1 time.
You also visited: Bailey.

You collected 637 gold pieces.

Inventory:

Hand Weapons
 u - a +1 hunting sling
 C - a +0 rapier (weapon)
Missiles
 d - 228 stones (quivered)
 I - 59 sling bullets
Armour
 b - a +0 animal skin
 g - a +0 leather armour
 i - a +2 chain mail of poison resistance
 p - a +0 ring mail (worn)
 q - a +0 pair of gloves (worn)
 M - a +2 robe of magic resistance
 N - the +1 robe of Whack-A-Mole {*Contam rC+ Str+3 Int+4}
   (You found it on level 8 of the Dungeon)

   It affects your strength (+3).
   It affects your intelligence (+4).
   It protects you from cold.
   It causes magical contamination when unequipped.
 Q - a +0 buckler (worn)
Jewellery
 f - an uncursed amulet of faith {unknown}
 h - a ring of stealth (left hand)
 o - an uncursed ring of wizardry
 x - a ring of stealth (right hand)
Wands
 E - a wand of iceblast (9)
 K - a wand of paralysis (10)
 P - a wand of acid (9)
Scrolls
 j - a scroll of fear {unknown}
 k - 5 scrolls of identify
 l - 5 scrolls of remove curse
 m - 4 scrolls of teleportation
 n - 3 scrolls of magic mapping
 s - 5 scrolls of enchant weapon
 w - a scroll of enchant armour {unknown}
 y - 2 scrolls of immolation
 A - a scroll of random uselessness {unknown}
 B - a scroll of fog
 H - a scroll of noise {unknown}
Potions
 e - a potion of lignification
 r - a potion of invisibility {unknown}
 t - 3 potions of cancellation
 v - a potion of agility {unknown}
 z - 3 potions of haste
 D - a potion of curing {unknown}
 F - a potion of berserk rage {unknown}
 J - 2 potions of resistance {unknown}
 L - 2 potions of flight {unknown}
 O - a potion of mutation {unknown}
 R - 2 potions of degeneration {unknown}
 T - a potion of might
Books
 a - a manual of Armour
Miscellaneous
 S - a lightning rod (inert)
Comestibles
 c - 4 rations


   Skills:
 + Level 7.6 Fighting
 + Level 11.6 Short Blades
 + Level 10.0 Slings
 + Level 8.5 Armour
 + Level 6.8 Dodging
 + Level 4.8 Stealth
 + Level 2.2 Shields
 + Level 1.5 Evocations


You had 10 spell levels left.
You didn't know any spells.
Your spell library was empty.

Dungeon Overview and Level Annotations

Branches:
Dungeon (9/15)             Temple (0/1) D:4          Bailey (visited)
   Lair: D:8-11         Orc: D:9-12

Altars:
Cheibriados
Fedhas
Kikubaaqudgha
Qazlal
Ru
Xom
Yredelemnul

Annotations:
D:3 1 runed translucent door
D:9 2 transporters


Innate Abilities, Weirdness & Mutations

You are small and have problems with some larger weapons.
You are somewhat resistant to further mutation.


Message History

The raiju is lightly wounded.
The thrashing horror tramples you.
* * * LOW HITPOINT WARNING * * *
You hold your ground!
The thrashing horror barely misses you. The raiju closely misses you.
A raiju comes into view.
You feel much better. The raiju bites you but does no damage.
The raiju closely misses you. The raiju bites you but does no damage.
You miss the raiju. You block the raiju's attack. The raiju barely misses you.
You barely miss the raiju. You block the raiju's attack.
You completely miss the raiju.
The raiju bursts into living lightning!
The living lightning hits you!!
* * * LOW HITPOINT WARNING * * *
The living lightning misses the raiju.
The living lightning hits the thrashing horror.
The thrashing horror resists.
The raiju blinks!
The raiju bites you!
* * * LOW HITPOINT WARNING * * *
The raiju shocks you!
You die...

#. #.# # .##
##. .......h
#####.###....
####.#.#..# .#
#
.h..h.#...##.#
.. #X#.#..##.
## # ##h####..
.. #h@# .## ..
#X§## #. #
...## . ...##
.. .


You could see 2 thrashing horrors and 4 raiju.

Vanquished Creatures
  A hydra (D:9)
  Pikel (D:8)
  A cyclops (D:9)
  Joseph (D:8)
  Prince Ribbit (D:7)
  A troll (D:9)
  A hippogriff (D:9)
  6 yaks
  Eustachio (D:4)
  A hungry ghost (D:9)
  A water moccasin (D:9)
  Duvessa (D:5)
  11 orc warriors
  2 sky beasts
  2 ice beasts (D:9)
  An ogre (D:8)
  A phantom (D:5)
  A necrophage (D:9)
  9 centaurs
  The ghost of Oroborous the Firebug, an amateur DsFE (D:3)
  Blork the orc (D:5)
  5 bullfrogs
  Dowan (D:5)
  2 scorpions
  A wight (D:9)
  A bullfrog zombie (D:8)
  3 howler monkeys
  5 crimson imps
  9 hounds
  2 quasits
  A centaur skeleton (D:9)
  7 orc priests
  An iron imp (Abyss:2)
  14 orc wizards
  4 iguanas
  10 worker ants
  14 gnolls
  15 adders
  A river rat (D:3)
  2 shadow imps
  An ooze (D:1)
  3 adder zombies
  An adder skeleton (D:8)
  3 worms
  3 dart slugs
  7 leopard geckos
  47 orcs
  4 giant cockroaches
  11 goblins
  6 hobgoblins
  4 jackals
  4 quokkas
  6 bats
  3 frilled lizards
  7 kobolds
  A leopard gecko skeleton (D:5)
  13 rats
268 creatures vanquished.

Vanquished Creatures (others)
  A worker ant zombie (D:8)
  10 starspawn tentacles (Abyss:2)
11 creatures vanquished.

Grand Total: 279 creatures vanquished

Notes
Turn   | Place    | Note
-------+----------+-------------------------------------------
     0 | D:1      | CountDeLaPain the Halfling Berserker began the quest for
                  | the Orb.
     0 | D:1      | Reached XP level 1. HP: 15/15 MP: 1/1
   490 | D:1      | Reached XP level 2. HP: 17/21 MP: 2/2
   592 | D:1      | You fall into a shaft and drop 1 floor!
   818 | D:2      | Reached XP level 3. HP: 22/26 MP: 3/3
  1026 | D:2      | Reached skill level 4 in Short Blades
  1530 | D:2      | Reached XP level 4. HP: 19/31 MP: 4/4
  1812 | D:2      | Reached ** piety under Trog
  3011 | D:1      | Reached XP level 5. HP: 33/36 MP: 5/5
  3422 | D:3      | Found a runed translucent door.
  3428 | D:3      | Reached skill level 1 in Stealth
  3750 | D:3      | Reached skill level 5 in Short Blades
  4101 | D:3      | Reached XP level 6. HP: 43/43 MP: 6/6
  4399 | D:3      | Found a stormy altar of Qazlal.
  4725 | D:3      | Found a runed translucent door.
  4739 | D:3      | Noticed Oroborous's ghost (amateur DsFE)
  4781 | D:3      | Killed Oroborous's ghost
  4781 | D:3      | Reached skill level 6 in Short Blades
  4781 | D:3      | Reached XP level 7. HP: 47/47 MP: 7/7
  5031 | D:3      | Reached *** piety under Trog
  6102 | D:4      | Reached skill level 1 in Slings
  6290 | D:4      | Noticed Eustachio
  6304 | D:4      | Killed Eustachio
  6304 | D:4      | Reached skill level 7 in Short Blades
  6304 | D:4      | Reached XP level 8. HP: 54/54 MP: 8/8
  6526 | D:4      | Found a staircase to the Ecumenical Temple.
  6733 | D:5      | Entered Level 5 of the Dungeon
  7175 | D:5      | Found a blossoming altar of Fedhas.
  7257 | D:5      | Noticed Blork the orc
  7268 | D:5      | Killed Blork the orc
  7503 | D:5      | Found a snail-covered altar of Cheibriados.
  7520 | D:5      | Reached skill level 8 in Short Blades
  7535 | D:5      | Noticed Duvessa
  7535 | D:5      | Noticed Dowan
  8307 | D:6      | Found a shimmering altar of Xom.
  8535 | D:5      | Killed Duvessa
  8535 | D:5      | Reached XP level 9. HP: 60/60 MP: 9/9
  8540 | D:5      | Killed Dowan
  8624 | D:5      | Reached skill level 5 in Armour
  8712 | D:5      | Found a sacrificial altar of Ru.
  8819 | D:7      | Found a shimmering altar of Xom.
  8835 | D:7      | Reached skill level 5 in Fighting
  8835 | D:7      | Reached skill level 5 in Dodging
  9045 | D:7      | Reached skill level 5 in Slings
  9136 | D:7      | Reached skill level 9 in Short Blades
  9475 | D:7      | Noticed Prince Ribbit
  9498 | D:7      | Killed Prince Ribbit
  9765 | D:7      | Noticed a two-headed ogre
 10057 | D:7      | Reached **** piety under Trog
 10421 | D:8      | Found a flagged portal.
 10431 | Bailey   | Entered a bailey
 10669 | Bailey   | Reached XP level 10. HP: 66/66 MP: 10/10
 10727 | Bailey   | Received a gift from Trog
 11043 | Bailey   | Reached skill level 10 in Short Blades
 11303 | Bailey   | HP: 2/100 [orc warrior/+0 halberd (19)]
 13495 | D:8      | Noticed Pikel
 13506 | D:8      | Killed Pikel
 13524 | D:8      | Got a sheer robe
 13525 | D:8      | Identified the +1 robe of Whack-A-Mole {*Contam rC+ Str+3
                  | Int+4} (You found it on level 8 of the Dungeon)
 14095 | D:8      | Noticed Joseph
 14114 | D:8      | Killed Joseph
 14315 | D:8      | Reached XP level 11. HP: 66/74 MP: 11/11
 14421 | D:9      | Found a basalt altar of Yredelemnul.
 14424 | D:9      | Found a transporter.
 14433 | D:9      | Found a transporter.
 14440 | D:9      | Noticed a death knight
 14449 | D:9      | Found an ancient bone altar of Kikubaaqudgha.
 14511 | D:8      | Reached skill level 11 in Short Blades
 15042 | D:9      | Reached skill level 1 in Evocations
 15300 | D:9      | Received a gift from Trog
 15740 | D:9      | Noticed a seven-headed hydra
 16122 | D:9      | Reached ***** piety under Trog
 16143 | D:9      | Reached skill level 1 in Shields
 16344 | D:9      | Killed a seven-headed hydra
 16344 | D:9      | Reached skill level 10 in Slings
 16916 | D:9      | Noticed a cyclops
 16917 | D:9      | Noticed a wizard
 16923 | D:9      | Killed a cyclops
 16939 | D:9      | Cast into level 2 of the Abyss (a wizard)
 17039 | Abyss:2  | Noticed a tentacled starspawn
 17061 | Abyss:2  | Found a hide-covered altar of Uskayaw.
 17075 | Abyss:2  | HP: 2/75 [starspawn tentacle[a tentacled starspawn] (3)]
 17080 | Abyss:2  | HP: 1/75 [burnt (7)]
 17241 | Abyss:2  | Noticed a starcursed mass
 17242 | Abyss:2  | Noticed a thrashing horror
 17257 | Abyss:2  | Noticed a thrashing horror
 17291 | Abyss:2  | Slain by a raiju

Levels and vault maps discovered:
D:1:      grunt_arrival_crossed_arrows, layout_basic, serial_forest,
          infiniplex_forest_clump_C, infiniplex_forest_3_way,
          infiniplex_forest_straight_1, infiniplex_forest_lined_3,
          infiniplex_forest_straight_2, infiniplex_forest_clump_long,
          infiniplex_forest_end_1, infiniplex_forest_clump_medium,
          infiniplex_forest_clump_double, minmay_tripent
D:2:      minmay_general_purpose_star, layout_basic, first_ration
D:3:      cheibrodos_pilgrimage, layout_basic, old_standard_altar,
          ebering_ghost_sewer_f, chequers_serial_rivers_small_a,
          bh_walls_and_bars
D:4:      layout_cave_pools, temple_green, uniq_eustachio
D:5:      layout_gridville, fedhas_altar_2, marbit_many_paths,
          kennysheep_slug_shrine, uniq_blork_the_orc, uniq_duvessa
D:6:      layout_loops_corners, xom_butterflies
D:7:      minmay_flawed_box, layout_cave_pools, basic_altar,
          uniq_crazy_yiuf_cottage, uniq_prince_ribbit1
D:8:      layout_loops_ring, enter_bailey_2, uniq_pikel, uniq_joseph
D:9:      minmay_the_grid_octo_tiled_squarecenter
          [minmay_the_grid_octo_checkerflower, minmay_the_grid_octo_fan_narrow,
          minmay_the_grid_octo_teeth, minmay_the_grid_octo_concentric,
          minmay_the_grid_square_5x5_megaprize_checkered,
          minmay_the_grid_square_5x5_minimal,
          minmay_the_grid_square_5x5_inverted_slash,
          minmay_the_grid_square_5x5_meh,
          minmay_the_grid_square_5x5_hollow_slash], layout_small_grid,
          gammafunk_temple_of_torment
Abyss:2:  gammafunk_abyss_exit_x_factor

Skill      XL: |  1  2  3  4  5  6  7  8  9 10 11 |
---------------+----------------------------------+-----
Fighting       | 3 4 5 6 7 |  7.6
Short Blades   | 4 5 6 7 8 9 10 11 | 11.6
Dodging        | 3 4 5 6 |  6.8
Stealth        | 1 2 3 4 |  4.8
Armour         | 3 4 5 7 8 |  8.5
Slings         | 1 4 6 9 10 | 10.0
Evocations     | 1 |  1.5
Shields        | 2 |  2.2

Action                   |  1- 3 |  4- 6 |  7- 9 | 10-12 || total
-------------------------+-------+-------+-------+-------++-------
Melee: Short sword       |    93 |   244 |   107 |       ||   444
       Rapier            |       |       |   344 |   463 ||   807
 Fire: Hunting sling     |       |       |    83 |   215 ||   298
Invok: Berserk           |     2 |     6 |     9 |    12 ||    29
       Trog's Hand       |       |     1 |     6 |     3 ||    10
Evoke: Wand              |       |       |     7 |     2 ||     9
       Lightning rod     |       |       |       |     4 ||     4
  Use: Scroll            |     1 |     2 |     8 |     3 ||    14
       Potion            |       |       |     2 |     4 ||     6
 Stab: Sleeping          |       |     2 |     4 |     3 ||     9
       Distracted        |       |       |     1 |       ||     1
  Eat: Chunk             |     3 |    12 |    17 |    13 ||    45
       Ration            |       |     1 |     4 |     6 ||    11
Armor: Animal skin       |     3 |       |       |       ||     3
       Leather armour    |     9 |    16 |       |       ||    25
       Ring mail         |       |    12 |   108 |   108 ||   228
Dodge: Dodged            |    62 |   171 |   369 |   353 ||   955
Block: Buckler           |       |       |       |    52 ||    52

Table legend:
 A = Non-vault XP
 B = Vault XP
 C = Vault XP percentage of total XP
 D = Non-vault monster count
 E = Vault monster count
 F = Vault count percentage of total count
                 A         B        C        D         E       F
            +---------+---------+-------+---------+---------+-------
      Total |    5741 |    6920 |  54.7 |     183 |      86 |  32.0
            +---------+---------+-------+---------+---------+-------
        D:1 |      28 |       4 |  12.5 |      15 |       2 |  11.8
        D:2 |     112 |       1 |   0.9 |      28 |       1 |   3.4
        D:3 |     195 |     280 |  58.9 |      31 |      13 |  29.5
        D:4 |     306 |     196 |  39.0 |      11 |       1 |   8.3
        D:5 |     516 |     324 |  38.6 |      21 |       4 |  16.0
        D:6 |     204 |       0 |   0.0 |       6 |       0 |   0.0
        D:7 |     755 |     621 |  45.1 |      18 |       9 |  33.3
        D:8 |    1111 |    1052 |  48.6 |      20 |       2 |   9.1
        D:9 |    2474 |    2142 |  46.4 |      32 |      15 |  31.9
    Abyss:2 |      40 |       0 |   0.0 |       1 |       0 |   0.0
     Bailey |       0 |    2300 | 100.0 |       0 |      39 | 100.0
            +---------+---------+-------+---------+---------+-------
